 Dungeon Crawl Stone Soup version 0.19.5 (webtiles) character file.

452 equalderp2856 the Scratcher (level 6, -4/28 HPs)
             Began as a Felid Fighter on Mar 9, 2017.
             Killed from afar by an orc wizard (9 damage)
             ... with a magic dart
             ... on level 5 of the Dungeon.
             The game lasted 00:14:14 (5892 turns).

equalderp2856 the Scratcher (Felid Fighter)         Turns: 5892, Time: 00:14:15

Health: -4/28      AC:  2    Str: 13    XL:     6   Next: 75%
Magic:  7/7        EV: 22    Int:  9    God:
Gold:   238        SH:  0    Dex: 17    Spells: 0 memorised, 5 levels left
                                        Lives:  0   Deaths: 2

rFire  . . .     SeeInvis +       - Unarmed
rCold  . . .     Gourm    .     (armour unavailable)
rNeg   . . .     Faith    .     (shield unavailable)
rPois  .         Spirit   .     (helmet unavailable)
rElec  .         Reflect  .     (cloak unavailable)
rCorr  +         Harm     .     (gloves unavailable)
MR     .....                    (boots unavailable)
Stlth  +++.......               (no amulet)
                                (no ring)
                                s - ring of resist corrosion

@: quick
A: no armour, no weapons or thrown items, stealth, claws 1, fangs 3, see
invisible, carnivore 3, speed 1, shaggy fur 2, slow metabolism 1, sharp paws
a: no special abilities


You were on level 5 of the Dungeon.
You were not hungry.

You visited 1 branch of the dungeon, and saw 5 of its levels.

You collected 238 gold pieces.

Inventory:

Missiles
 p - 57 arrows
Jewellery
 s - a ring of resist corrosion (left paw)
Wands
 r - a wand of paralysis (15/24)
 t - a wand of iceblast (9/15)
Scrolls
 e - a scroll of enchant weapon
 j - 5 scrolls of immolation
 l - 3 scrolls of identify
 m - a scroll of remove curse
 n - a scroll of amnesia
 o - a scroll of teleportation
Potions
 a - a potion of might
 d - a potion of magic {unknown}
 g - a potion of heal wounds
 h - a potion of degeneration {unknown}
 i - a potion of cancellation {unknown}
 k - a potion of agility {unknown}
 q - 2 potions of curing {unknown}
Comestibles
 b - 5 meat rations
 c - 3 beef jerkies
 f - 6 bread rations


   Skills:
 + Level 3.9 Fighting
 + Level 6.3 Dodging
 + Level 4.3 Stealth
 + Level 7.7 Unarmed Combat


You had 5 spell levels left.
You didn't know any spells.

Dungeon Overview and Level Annotations

Branches:
Dungeon (5/15)             Temple (0/1) D:5

Altars:


Innate Abilities, Weirdness & Mutations

You cannot wear armour.
You are incapable of wielding weapons or throwing items.
Your paws allow you to move quietly. (Stealth)
You have sharp claws.
You have razor-sharp teeth.
You have supernaturally acute eyesight. (SInv)
You are carnivorous and can eat meat at any time.
You cover ground quickly.
You are covered in thick fur. (AC +2)
You have a slow metabolism.
Your sharp claws are effective at attacking unaware monsters.


Message History

The orc priest completely misses you.
You barely miss the orc priest.
The orc priest is severely wounded.
The orc priest calls down the wrath of Beogh upon you.
Beogh smites you!
* * * LOW HITPOINT WARNING * * *
You hear a shout!
You barely miss the orc priest. You bite the orc priest.
You kill the orc priest!
The orc wizard gestures wildly while chanting.
The orc wizard seems to speed up.
The orc wizard gestures wildly while chanting.
The orc wizard blinks!
The orc wizard casts a spell.
The orc wizard blinks!
The orc wizard gestures wildly while chanting.
The orc wizard blinks!
The orc wizard gestures at you while chanting.
The magic dart hits you!
You die...

#.............
########......
#...... #......
#...... #......
############......
#.......o.......ยง.
#@###........###..
#.# #.............
#.# #........###..
#.# #........# #..
#.# #........# #..
#.# #........# #..
#.# #........# #..
#.# #........# ###
#.# #........#


You could see an orc wizard.

Vanquished Creatures
  An ice beast (D:4)
  An ogre (D:5)
  A centaur (D:5)
  The ghost of equalderp2856 the Scratcher, an amateur FeFi (D:4)
  A bullfrog (D:4)
  A scorpion (D:4)
  A hound (D:4)
  2 orc priests
  A jelly (D:5)
  2 orc wizards
  3 worker ants
  3 adders
  3 adder skeletons (D:4)
  2 worms (D:3)
  4 dart slugs
  3 leopard geckos
  10 orcs
  8 bats
  4 giant cockroaches
  6 hobgoblins
  7 jackals
  2 quokkas
  5 frilled lizards
  11 goblins
  8 kobolds
  A quokka zombie (D:5)
  6 rats
98 creatures vanquished.

Notes
Turn   | Place    | Note
-------+----------+-------------------------------------------
     0 | D:1      | equalderp2856 the Felid Fighter began the quest for the Orb.
     0 | D:1      | Reached XP level 1. HP: 10/10 MP: 2/2
   238 | D:1      | Reached XP level 2. HP: 5/14 MP: 3/3
   810 | D:2      | Reached XP level 3. HP: 17/17 MP: 4/4
  1399 | D:2      | Reached skill level 5 in Unarmed Combat
  1846 | D:3      | Reached skill level 1 in Stealth
  1954 | D:3      | Reached XP level 4. HP: 21/21 MP: 5/5
  3179 | D:4      | Reached XP level 5. HP: 21/24 MP: 6/6
  3224 | D:4      | Noticed equalderp2856's ghost (amateur FeFi)
  3918 | D:4      | Reached skill level 5 in Dodging
  3959 | D:4      | Slain by a bullfrog
  3960 | D:4      | Reached XP level 4. HP: -3/21 MP: 5/5
  4019 | D:4      | Reached skill level 6 in Unarmed Combat
  4019 | D:4      | Reached XP level 5. HP: 17/24 MP: 6/6
  4680 | D:5      | Entered Level 5 of the Dungeon
  4735 | D:5      | Gained mutation: You are covered in thick fur. (AC +2) [Felid growth]
  4735 | D:5      | Reached XP level 6. HP: 28/28 MP: 7/7
  4980 | D:5      | Found a staircase to the Ecumenical Temple.
  5098 | D:5      | Noticed an ice beast
  5125 | D:4      | Killed an ice beast
  5125 | D:4      | Reached skill level 7 in Unarmed Combat
  5134 | D:5      | Reached XP level 7. HP: 23/31 MP: 8/8
  5411 | D:4      | Slain by equalderp2856's ghost
  5412 | D:4      | Reached XP level 6. HP: 0/28 MP: 7/7
  5423 | D:4      | Killed equalderp2856's ghost
  5892 | D:5      | Killed from afar by an orc wizard

Skill      XL: |  1  2  3  4  5  6  7 |
---------------+----------------------+-----
Unarmed Combat | 5 6 7 |  7.7
Stealth        | 1 3 4 |  4.3
Dodging        | 5 6 |  6.3
Fighting       | |  3.9

Action                   |  1- 3 |  4- 6 |  7- 9 || total
-------------------------+-------+-------+-------++-------
Melee: Unarmed           |   104 |   190 |    28 ||   322
       Bite              |     5 |    25 |     2 ||    32
       Punch             |     2 |     2 |       ||     4
  Use: Scroll            |       |    10 |       ||    10
       Potion            |       |     4 |       ||     4
 Stab: Sleeping          |     7 |     3 |       ||    10
       Distracted        |     1 |       |       ||     1
  Eat: Chunk             |     5 |     4 |       ||     9
Armor: Skin              |     6 |     7 |     1 ||    14
Dodge: Dodged            |   116 |   136 |    26 ||   278
